 Dungeon Crawl Stone Soup version 0.23-a0-299-g9a66eeb (webtiles) character file.

444 epen the Skirmisher (level 6, -4/51 HPs)
             Began as a Demonspawn Wanderer on Oct 6, 2018.
             Slain by Edmund
             ... wielding a +3 dire flail of venom
              (11 damage)
             ... on level 4 of the Dungeon.
             The game lasted 00:06:03 (3533 turns).

epen the Skirmisher (Demonspawn Wanderer)           Turns: 3533, Time: 00:06:04

Health: -4/51      AC:  9    Str: 15    XL:     6   Next: 72%
Magic:  6/6        EV: 10    Int: 12    God:
Gold:   153        SH:  0    Dex: 13    Spells: 5/5 levels left

rFire    . . .     SeeInvis .     - Unarmed
rCold    . . .     Gourm    .   (no shield)
rNeg     . . .     Faith    .   r - +1 scale mail
rPois    .         Spirit   .   (helmet restricted)
rElec    .         Reflect  .   i - +0 cloak
rCorr    .         Harm     .   (no gloves)
MR       .....                  (no boots)
Stlth    +.........             j - amulet of regeneration
HPRegen  0.57/turn              e - ring of wizardry
MPRegen  0.10/turn              t - +1 ring of protection

@: lethally poisoned (-4 -> -5)
A: claws 1, horns 1, nightstalker 1
a: no special abilities


You were on level 4 of the Dungeon.
You were hungry.

You visited 1 branch of the dungeon, and saw 4 of its levels.

You collected 153 gold pieces.

Inventory:

Hand Weapons
 a - a +2 spear
 c - a +0 spear of venom
Armour
 d - a +0 robe
 i - a +0 cloak (worn)
 r - a +1 scale mail (worn)
 u - a +0 pair of boots
Jewellery
 e - a ring of wizardry (left claw)
 j - an amulet of regeneration (around neck)
 l - an uncursed ring of ice
 t - a +1 ring of protection (right claw)
Wands
 s - a wand of flame (28)
Scrolls
 g - 2 scrolls of remove curse
 h - a scroll of enchant armour
 k - 3 scrolls of identify
 m - a scroll of amnesia
 n - a scroll of fog
 p - a scroll of enchant weapon {unknown}
Potions
 o - a potion of resistance
 q - a potion of agility
Comestibles
 f - 8 rations


   Skills:
 + Level 5.1 Fighting
 - Level 1.2 Polearms
   Level 1.0 Crossbows
 - Level 1.0 Throwing
 + Level 2.9 Armour
 + Level 2.6 Dodging
 - Level 1.0 Stealth
 * Level 3.6 Unarmed Combat
 - Level 1.0 Evocations


You had 5 spell levels left.
You didn't know any spells.
Your spell library was empty.

Dungeon Overview and Level Annotations

Branches:
Dungeon (4/15)
 Temple: D:4-7

Altars:

Annotations:
D:4 Edmund


Innate Abilities, Weirdness & Mutations

You have sharp fingernails.
You have a pair of small horns on your head.
You are slightly more attuned to the shadows.


Message History

You closely miss Edmund. You headbutt Edmund.
Edmund is almost dead.
Edmund hits you with a dire flail of venom.
You are poisoned.
You scratch Edmund but do no damage. You headbutt Edmund, but do no damage.
Edmund is almost dead.
You feel sick. Edmund closely misses you.
You closely miss Edmund.
Edmund is almost dead.
You feel sick.
Edmund hits you with a dire flail of venom!
* * * LOW HITPOINT WARNING * * *
You barely miss Edmund.
Edmund is almost dead.
You feel sick.
You scratch Edmund. You headbutt Edmund, but do no damage.
Edmund is almost dead.
Edmund gestures with his flail.
Edmund hits you with a dire flail of venom!
You die...

#.#...........[..
#.#.###.##.......
#.#.###.##.......
#.......##.......
###.############.
#.# #.# #.##### #+
#..@@.# #.. #####.#
#... ##..##
##.......##
##....###.........#
#.......'.........+
#.......#..?......#
#........##.........
#........# #.....#
#.##...### #...#


You could see Edmund.

Vanquished Creatures
  A black bear (D:2)
  Crazy Yiuf (D:3)
  2 orc priests (D:3)
  Jessica (D:3)
  A worker ant (D:3)
  Natasha (thrice) (D:3)
  Robin (D:3)
  4 adders
  6 worms
  3 dart slugs (D:1)
  A leopard gecko (D:1)
  3 orcs (D:3)
  A ball python (D:1)
  6 giant cockroaches
  13 goblins
  6 hobgoblins
  3 jackals (D:2)
  10 kobolds
  5 bats
  3 frilled lizards
  A jackal skeleton (D:4)
  5 rats
80 creatures vanquished.

Notes
Turn   | Place    | Note
-------+----------+-------------------------------------------
     0 | D:1      | epen the Demonspawn Wanderer began the quest for the Orb.
     0 | D:1      | epen set off with: a +2 spear, a potion of curing, a scroll
                  | of teleportation, a +0 robe, a ration
     0 | D:1      | Reached XP level 1. HP: 19/19 MP: 1/1
   103 | D:1      | Gained mutation: You have sharp fingernails. [demonic
                  | ancestry]
   103 | D:1      | Reached XP level 2. HP: 21/25 MP: 2/2
   646 | D:2      | Reached XP level 3. HP: 22/30 MP: 3/3
   649 | D:2      | Reached skill level 1 in Dodging
   649 | D:2      | Reached skill level 1 in Unarmed Combat
  1324 | D:2      | Reached XP level 4. HP: 9/38 MP: 4/4
  1745 | D:2      | Noticed a black bear
  1755 | D:2      | Killed a black bear
  1755 | D:2      | Gained mutation: You have a pair of small horns on your
                  | head. [demonic ancestry]
  1755 | D:2      | Reached XP level 5. HP: 35/43 MP: 5/5
  2032 | D:3      | Noticed Jessica
  2101 | D:3      | Killed Jessica
  2307 | D:3      | Gained mutation: You are slightly more attuned to the
                  | shadows. [demonic ancestry]
  2307 | D:3      | Reached XP level 6. HP: 25/50 MP: 6/6
  2650 | D:3      | Noticed Natasha
  2653 | D:3      | Noticed Robin
  2768 | D:3      | Killed Robin
  2901 | D:3      | Killed Natasha
  2901 | D:3      | Reached skill level 5 in Fighting
  2969 | D:3      | Found a runed door.
  3143 | D:3      | Noticed Natasha
  3153 | D:3      | Killed Natasha
  3157 | D:3      | Noticed Natasha
  3171 | D:3      | Killed Natasha
  3314 | D:3      | Noticed Crazy Yiuf
  3324 | D:3      | Killed Crazy Yiuf
  3418 | D:4      | Noticed Edmund
  3533 | D:4      | Slain by Edmund

Vault maps used:
D:1:      matt_arrival_los_fun
D:2:      first_ration, minmay_tiny_reverse_x
D:3:      uniq_jessica, uniq_crazy_yiuf_cottage, uniq_robin, uniq_natasha
D:4:      nicolae_overflow_hidden_temple, ebering_ghost_sewer_f, uniq_ijyb,
          uniq_edmund, uniq_menkaure

Skill      XL: |  1  2  3  4  5  6 |
---------------+-------------------+-----
Dodging        | 1 2 |  2.6
Unarmed Combat | 1 2 3 |  3.6
Armour         | 2 |  2.9
Fighting       | 5 |  5.1
Polearms       | |  1.2
Crossbows      | |  1.0
Throwing       | |  1.0
Stealth        | |  1.0
Evocations     | |  1.0

Action                   |  1- 3 |  4- 6 || total
-------------------------+-------+-------++-------
Melee: Spear             |   149 |    73 ||   222
       Punch             |       |     5 ||     5
       Headbutt          |       |    27 ||    27
       Unarmed           |       |   137 ||   137
Evoke: Wand              |       |     2 ||     2
  Use: Potion            |       |     7 ||     7
       Scroll            |       |     8 ||     8
 Stab: Sleeping          |     2 |     1 ||     3
       Distracted        |     1 |       ||     1
  Eat: Chunk             |     1 |     7 ||     8
Armor: Robe              |    17 |       ||    17
       Scale mail        |       |    85 ||    85
Dodge: Dodged            |    61 |    87 ||   148

Table legend:
 A = Non-vault XP
 B = Vault XP
 C = Vault XP percentage of total XP
 D = Non-vault monster count
 E = Vault monster count
 F = Vault count percentage of total count
                 A         B        C        D         E       F
            +---------+---------+-------+---------+---------+-------
      Total |     491 |     144 |  22.7 |      67 |      13 |  16.2
            +---------+---------+-------+---------+---------+-------
        D:1 |      38 |       0 |   0.0 |      18 |       0 |   0.0
        D:2 |     222 |       2 |   0.9 |      26 |       2 |   7.1
        D:3 |     230 |     142 |  38.2 |      22 |      11 |  33.3
        D:4 |       1 |       0 |   0.0 |       1 |       0 |   0.0
            +---------+---------+-------+---------+---------+-------
